 Dungeon Crawl Stone Soup version 0.27-a0-720-g3f424a255b (webtiles) character file.

Game seed: 8462218717518323849

37 Dreamer the Insei (level 3, -13/24 HPs)
             Began as an Octopode Transmuter on Mar 23, 2021.
             Succumbed to a goblin's poison
             ... on level 2 of the Dungeon.
             The game lasted 00:04:25 (1707 turns).

Dreamer the Insei (Octopode Transmuter)             Turns: 1707, Time: 00:04:26

Health: -13/24     AC:  1    Str:  9    XL:     3   Next: 41%
Magic:  6/6        EV: 13    Int: 16    God:
Gold:   60         SH:  0    Dex: 12    Spells: 5/6 levels left

rFire    . . .     SeeInvis .     - Unarmed
rCold    . . .     Faith    .   (no shield)
rNeg     . . .     Spirit   .   (helmet restricted)
rPois    .         Reflect  .   (no amulet)
rElec    .         Harm     .   (no ring)
rCorr    .         Rampage  .   (no ring)
Will     .....                  (no ring)
Stlth    ++........             (no ring)
HPRegen  0.08/turn              (no ring)
MPRegen  0.10/turn              (no ring)
                                (no ring)
                                (no ring)

@: lethally poisoned (-13 -> -44)
A: almost no armour, amphibious, 8 rings, camouflage 1, gelatinous body 1,
nimble swimmer 1, tentacles
a: no special abilities


You were on level 2 of the Dungeon.
You visited 1 branch of the dungeon, and saw 2 of its levels.

You collected 60 gold pieces.

Inventory:

Jewellery
 g - a ring of positive energy
Wands
 i - a wand of paralysis (8)
Scrolls
 a - a scroll of magic mapping {unknown}
 c - a scroll of identify {unknown}
 d - a scroll of noise {unknown}
 e - 2 scrolls of teleportation {unknown}
 h - a scroll of fear {unknown}
Potions
 b - 2 potions of curing {unknown}
 f - a potion of berserk rage {unknown}


   Skills:
 + Level 1.9 Fighting
 + Level 2.0 Dodging
 + Level 0.3 Stealth
 * Level 3.9 Unarmed Combat
 - Level 2.0 Spellcasting
 - Level 2.0 Transmutations


You had 5 spell levels left.
You knew the following spells:

 Your Spells              Type           Power      Damage    Failure   Level
a - Beastly Appendage     Tmut           16%        N/A       9%          1

Your spell library contained the following spells:

 Spells                   Type           Power      Damage    Failure   Level
 Wereblood                Tmut           8%         N/A       14%         2
 Spider Form              Tmut/Pois      2%         N/A       38%         3
 Ice Form                 Ice/Tmut       4%         N/A       80%         4
 Blade Hands              Tmut           4%         N/A       94%         5


Dungeon Overview and Level Annotations

Branches:
Dungeon (2/15)

Altars:

Shops:
D:1 [


Innate Abilities, Weirdness & Mutations

You cannot wear most types of armour.
You are amphibious.
You can wear up to eight rings at the same time.
Your skin changes colour to match your surroundings (Stealth+).
Your rubbery body absorbs attacks. (AC +1, EV +1)
You are stealthy while swimming. (Stealth+)
You have tentacles for arms and can constrict up to eight enemies at once.


Message History

You are frozen.
You tentacle-slap the ooze but do no damage.
You squeeze the ooze.
You kill the ooze!
You start resting.
HP restored.
A giant cockroach comes into view.
There is a stone staircase leading down here.
You see here 17 gold pieces.
You now have 60 gold pieces (gained 17).
You tentacle-slap the giant cockroach. You grab the giant cockroach.
The giant cockroach is severely wounded.
You constrict the giant cockroach.
You kill the giant cockroach!
Found a stone staircase leading up.
Found a stone staircase leading down.
Found a stone staircase leading up.
A rat and a kobold come into view.
The helpless kobold fails to defend itself.
You tentacle-slap the kobold but do no damage.
You grab the kobold. You squeeze the kobold.
You kill the kobold!
Things that are here:
a +0 short sword; a kobold corpse A goblin comes into view.
It is wielding a +2 dagger of venom.
You tentacle-slap the rat.
You kill the rat!
You miss the goblin. You grab the goblin. You constrict the goblin.
The goblin hits you with a +2 dagger of venom.
You are poisoned.
You tentacle-slap the goblin but do no damage.
The goblin is moderately wounded.
You constrict the goblin.
Ouch! That really hurt!
You feel extremely sick.
The goblin hits you with a +2 dagger of venom.
* * * LOW HITPOINT WARNING * * *
You are more poisoned.
You release your grip on the goblin.
Ouch! That really hurt!
You die...

## .. #.......#.#..#
..# .. #########.#..#
^.≈# #. ..#..##
..##.############...#
≈⌠.................#
#...##########..#.#
#.g<#......##..#.#
#..>#..........#.#
#..@.....#.###.#.#
.......#......#.#
#...
.......##.#####.#
##### ......#
#.).....# ......
######### ##....
#####


You could see a goblin.

Vanquished Creatures
  A ball python (D:1)
  3 bats (D:1)
  2 giant cockroaches
  4 goblins (D:1)
  2 hobgoblins (D:2)
  6 jackals
  3 kobolds
  2 oozes
  2 quokkas (D:1)
  2 frilled lizards (D:1)
  4 rats
31 creatures vanquished.

Notes
Turn   | Place    | Note
-------+----------+-------------------------------------------
     0 | D:1      | Dreamer the Octopode Transmuter began the quest for the
                  | Orb.
     0 | D:1      | Reached XP level 1. HP: 13/13 MP: 3/3
   101 | D:1      | Found Fonweisch's Armour Shoppe.
   348 | D:1      | Reached XP level 2. HP: 10/18 MP: 5/5
  1011 | D:1      | Reached XP level 3. HP: 24/24 MP: 6/6
  1707 | D:2      | Succumbed to a goblin's poison

Illustrated notes

Levels and vault maps discovered:
D:1:      wander_arrival_estate, layout_loops_ring, serial_shops,
          nicolae_shop_statue_plus, hangedman_decor_diamond_cutter
D:2:      layout_basic, xom_redecorated

Action                   || total
-------------------------++-------
Melee: Unarmed           ||    79
       Constrict         ||    23
       Tentacles         ||    14
       Kick              ||     2
       Punch             ||     1
 Cast: Beastly Appendage ||     3
 Stab: Sleeping          ||     3
Armor: Skin              ||     6
Dodge: Dodged            ||    49

Table legend: (Time is in decaauts)
 A = Elapsed time spent in this place.
 B = Non-inter-level travel time spent in this place.
 C = Inter-level travel time spent in this place.
 D = Time resting spent in this place.
 E = Time spent auto-exploring this place.
 F = Levels seen in this place.
 G = Mean time per level.
                   A        B        C        D        E       F      G
               +--------+--------+--------+--------+--------+-----+--------+
         Total |   1701 |   1689 |     12 |    464 |    958 |   2 |  850.5 |
       Dungeon |   1701 |   1689 |     12 |    464 |    958 |   2 |  850.5 |
               +--------+--------+--------+--------+--------+-----+--------+

Top non-repeatable levels by time:
     D:1: 1344 daAuts
     D:2: 356 daAuts
